 Dungeon Crawl Stone Soup version 0.25.1-2-g60ff931df9 (webtiles) character file.

Game seed: 149233346679106526

473131 Peloso the Minotaur Barricade (level 23, -4/225 HPs)
             Began as a Minotaur Fighter on Aug 29, 2020.
             Was the Champion of Okawaru.
             Killed from afar by an ice dragon (7 damage)
             ... with a blast of cold
             ... on level 5 of the Vaults on Aug 30, 2020.
             The game lasted 03:15:01 (70214 turns).

Peloso the Minotaur Barricade (Minotaur Fighter)   Turns: 70214, Time: 03:15:02

Health: -4/225     AC: 39    Str: 35    XL:     23   Next: 57%
Magic:  24/24      EV: 17    Int: 11    God:    Okawaru [******]
Gold:   3952       SH: 25    Dex: 13    Spells: 22/22 levels left

rFire    + + +     SeeInvis +   a - +9 double sword of Erghuocyl {drain, rN+}
rCold    + . .     Gourm    .   c - +0 kite shield {reflect}
rNeg     + + +     Faith    .   K - +7 plate armour "Jaodallo" {Int+4 SInv}
rPois    .         Spirit   .   q - +2 hat {MR+}
rElec    +         Reflect  +   n - +1 cloak "Qyluxaoc" {rF+ rCorr Int+2 Stlth+}
rCorr    +         Harm     .   W - +0 pair of gloves of Zin's Benevolence {rElec rN+ Str+7}
MR       +++..                  I - +2 pair of boots {Fly}
Stlth    ..........             t - amulet of reflection
HPRegen  0.47/turn              x - ring of Doen {+Inv MR+ rCorr}
MPRegen  0.19/turn              o - ring of a Billion People {rF++ rC+ rN+}

@: mighty, heroism, flying, hasted, very quick
A: retaliatory headbutt, horns 2
}: 2/15 runes: decaying, gossamer
a: Heroism, Finesse, Renounce Religion, Evoke Invisibility, Stop Flying


You were on level 5 of the Vaults.
You worshipped Okawaru.
Okawaru was exalted by your worship.
You were not hungry.

You visited 9 branches of the dungeon, and saw 43 of its levels.
You also visited: Volcano.

You collected 6315 gold pieces.
You spent 2363 gold pieces at shops.

Inventory:

Hand Weapons
 a - the +9 double sword of Erghuocyl (weapon) {drain, rN+}
   (Okawaru gifted it to you on level 3 of the Spider Nest)

   A truly terrible weapon, it drains the life of those it strikes.
   It protects you from negative energy.
 b - the +2 Maxwell's thermic engine {flame, freeze}
   (You found it on level 10 of the Dungeon)

   It has been specially enchanted to burn those struck by it, causing extra
   injury to most foes and up to half again as much damage against particularly
   susceptible opponents.
   Big, fiery blades are also staple armaments of hydra-hunters.
   It has been specially enchanted to freeze those struck by it, causing extra
   injury to most foes and up to half again as much damage against particularly
   susceptible opponents.
Armour
 c - a +0 kite shield of reflection (worn)
 n - the +1 cloak "Qyluxaoc" (worn) {rF+ rCorr Int+2 Stlth+}
   (Okawaru gifted it to you on level 3 of the Crypt)

   It affects your intelligence (+2).
   It protects you from fire.
   It provides partial protection from all sources of acid and corrosion.
   It makes you more stealthy.
 q - a +2 hat of magic resistance (worn)
 B - a +2 cloak of preservation
 I - a +2 pair of boots of flying (worn)
 K - the +7 plate armour "Jaodallo" (worn) {Int+4 SInv}
   (Okawaru gifted it to you on level 2 of the Elven Halls)

   It affects your intelligence (+4).
   It lets you see invisible.
 W - the +0 pair of gloves of Zin's Benevolence (worn) {rElec rN+ Str+7}
   (You found it on level 4 of the Vaults)

   It affects your strength (+7).
   It insulates you from electricity.
   It protects you from negative energy.
Jewellery
 h - an uncursed ring of protection from cold
 o - the ring of a Billion People (right hand) {rF++ rC+ rN+}
   (You took it off an ancient champion on level 3 of the Crypt)

   [ring of positive energy]

   It greatly protects you from fire.
   It protects you from cold.
   It protects you from negative energy.
 t - an amulet of reflection (around neck)
 v - an uncursed ring of poison resistance
 w - the ring of Xom's Full Attention {rElec rN+ MR+ Int-3}
   (You found it on level 3 of the Crypt)

   [ring of positive energy]

   It affects your intelligence (-3).
   It insulates you from electricity.
   It protects you from negative energy.
   It affects your resistance to hostile enchantments.
 x - the ring of Doen (left hand) {+Inv MR+ rCorr}
   (You took it off an orc knight on level 1 of the Vaults)

   [ring of resist corrosion]

   It affects your resistance to hostile enchantments.
   It lets you turn invisible.
   It provides partial protection from all sources of acid and corrosion.
 y - the ring of Greater Demons {rElec rPois rN+ Str-3 Stlth+}
   (You found it on level 3 of the Crypt)

   [ring of positive energy]

   It affects your strength (-3).
   It insulates you from electricity.
   It protects you from poison.
   It protects you from negative energy.
   It makes you more stealthy.
 z - an uncursed ring of protection from fire
 R - an uncursed ring of positive energy
 T - an uncursed ring of protection from cold
Wands
 i - a wand of clouds (5)
 u - a wand of flame (17)
 A - a wand of digging (16)
Scrolls
 e - 8 scrolls of magic mapping
 g - 22 scrolls of remove curse
 m - 12 scrolls of identify
 p - a scroll of summoning
 r - 5 scrolls of noise
 s - 9 scrolls of teleportation
 C - 4 scrolls of immolation
 U - 5 scrolls of fear
Potions
 j - a potion of brilliance
 l - 8 potions of stabbing
 G - a potion of mutation
 H - 5 potions of might
 Q - 7 potions of berserk rage
 V - 2 potions of resistance
 Z - 2 potions of haste
Comestibles
 f - 57 rations


   Skills:
 + Level 22.7(27) Fighting
 + Level 23.8(27) Long Blades
 + Level 19.1(24.1) Armour
 + Level 8.7(13.7) Dodging
 + Level 2.9(7.9) Stealth
 O Level 27 Shields
 + Level 0.4(5.4) Unarmed Combat
 + Level 3.3 Invocations
 + Level 1.8 Evocations


You had 22 spell levels left.
You didn't know any spells.
Your spell library contained the following spells:

 Spells                   Type           Power        Failure   Level  Hunger
 Animate Skeleton         Necr           N/A          69%         1    ##.....
 Corona                   Hex            #......      69%         1    ##.....
 Foxfire                  Conj/Fire      #...         69%         1    ##.....
 Freeze                   Ice            #...         69%         1    ##.....
 Magic Dart               Conj           #...         69%         1    ##.....
 Pain                     Necr           #...         69%         1    ##.....
 Shock                    Conj/Air       #...         69%         1    ##.....
 Sting                    Tmut/Pois      #...         69%         1    ##.....
 Summon Small Mammal      Summ           #...         69%         1    ##.....
 Blink                    Tloc           N/A          83%         2    ###....
 Call Imp                 Summ           #.......     83%         2    ###....
 Poisonous Vapours        Pois/Air       #.....       83%         2    ###....
 Slow                     Hex            #.......     83%         2    ###....
 Swiftness                Chrm/Air       #.......     83%         2    ###....
 Call Canine Familiar     Summ           #.......     96%         3    ####...
 Confusing Touch          Hex            #.......     96%         3    ####...
 Conjure Flame            Conj/Fire      #.......     96%         3    ####...
 Frozen Ramparts          Ice            #.....       96%         3    ####...
 Gell's Gravitas          Tloc           #.........   96%         3    ####...
 Ignite Poison            Fire/Tmut/Pois #.......     96%         3    ####...
 Inner Flame              Hex/Fire       #.......     96%         3    ####...
 Mephitic Cloud           Conj/Pois/Air  #.......     96%         3    ####...
 Ozocubu's Armour         Chrm/Ice       #.......     96%         3    ####...
 Portal Projectile        Hex/Tloc       #.....       96%         3    ####...
 Recall                   Summ/Tloc      N/A          96%         3    ####...
 Static Discharge         Conj/Air       #.......     96%         3    ####...
 Summon Guardian Golem    Hex/Summ       #.......     96%         3    ####...
 Vampiric Draining        Necr           #.........   96%         3    ####...
 Airstrike                Air            #.........   100%        4    #####..
 Animate Dead             Necr           N/A          100%        4    #####..
 Cause Fear               Hex            #.........   100%        4    #####..
 Hailstorm                Conj/Ice       #.......     100%        4    #####..
 Leda's Liquefaction      Hex/Erth       #.........   100%        4    #####..
 Olgreb's Toxic Radiance  Pois           #.......     100%        4    #####..
 Petrify                  Tmut/Erth      #.......     100%        4    #####..
 Summon Ice Beast         Ice/Summ       #.......     100%        4    #####..
 Summon Lightning Spire   Summ/Air       #.......     100%        4    #####..
 Agony                    Necr           #.......     100%        5    ######.
 Bolt of Magma            Conj/Fire/Erth #.........   100%        5    ######.
 Borgnjor's Vile Clutch   Necr/Erth      #.........   100%        5    ######.
 Iskenderun's Battlesphe  Conj/Chrm      #.......     100%        5    ######.
 Lightning Bolt           Conj/Air       #.........   100%        5    ######.
 Metabolic Englaciation   Hex/Ice        #.........   100%        5    ######.
 Yara's Violent Unravell  Hex/Tmut       #.........   100%        5    ######.
 Death Channel            Necr           #.........   100%        6    #######
 Iron Shot                Conj/Erth      #.........   100%        6    #######
 Simulacrum               Ice/Necr       #.........   100%        6    #######
 Statue Form              Tmut/Erth      #........    100%        6    #######
 Dragon Form              Tmut           #.........   100%        7    #######
 Orb of Destruction       Conj           #.........   100%        7    #######
 Spellforged Servitor     Conj/Summ      #.........   100%        7    #######
 Dragon's Call            Summ           #.........   100%        9    #######
 Shatter                  Erth           #.........   100%        9    #######


Dungeon Overview and Level Annotations

Branches:
Dungeon (15/15)            Temple (1/1) D:5            Lair (6/6) D:10
  Swamp (4/4) Lair:3       Spider (4/4) Lair:2        Slime (0/5) Lair:6
    Orc (2/2) D:9             Elf (3/3) Orc:2        Vaults (5/5) D:14
  Crypt (3/3) Vaults:2       Tomb (0/3) Crypt:3      Depths (0/5) D:15
Volcano (visited)

Altars:
Ashenzari
Cheibriados
Dithmenos
Elyvilon
Fedhas
Gozag
Hepliaklqana
Kikubaaqudgha
Makhleb
Nemelex Xobeh
Okawaru
Qazlal
Ru
Sif Muna
Trog
Uskayaw
Vehumet
Wu Jian
Xom
Yredelemnul
Zin
The Shining One
Beogh
Jiyva

Shops:
D:7 *   D:9 !   D:12 (   D:14 %*   Orc:1 }*}   Orc:2 ([!   Elf:2 }}==[?**(
Elf:3 (   Vaults:1 (

Annotations:
Vaults:1 Moagi's ghost, adept GnSk
Vaults:3 3 runed translucent doors, Faydane's ghost, veteran HuFi


Innate Abilities, Weirdness & Mutations

You reflexively headbutt those who attack you in melee.
You have a pair of horns on your head.


Message History

The blast of cold misses you.
You hear a horrible gurgling sound!
You hear a shout!
Unknown command.
The vault warden blocks your attack.
Your headbutt misses the vault warden.
The vault warden is lightly wounded.
You block the vault warden's attack.
The ice dragon bites you but does no damage.
The ice dragon closely misses you. You block the ice dragon's attack.
You block the ironheart preserver's attack.
Unknown command.
The vault warden blocks your attack.
You headbutt the vault warden!!
The vault warden is heavily wounded.
Unknown command.
The vault warden blocks your attack.
The vault warden is heavily wounded.
The vault warden closely misses you. You furiously retaliate!
You headbutt the vault warden, but do no damage.
The ice dragon breathes frost at you. The blast of cold hits you! You resist.
You die...

#. #....#...#.#..
. #p...#....... #
#....#...#....
#..#e...#...... .
#o#.#.%..#.......
##...##....#
##.#.#)# #).p#).#
##.#@# ##Dp.#
#o#$#.# #...#..#
#)# # #.# #.. ##
#.# ..


You could see an ironheart preserver (drained), an ice dragon (catching breath),
a vault warden and an orc warrior.

Vanquished Creatures
  Mennas (Vaults:2)
  3 ancient liches (Crypt:3)
  The ghost of hyperkahler the Slayer, a veteran MiFi of Cheibriados (Vaults:4)
  Bai Suzhen (Spider:4)
  Saint Roka (Elf:2)
  A golden dragon (Vaults:5)
  Nikola (Vaults:3)
  Arachne (Spider:3)
  2 bone dragons
  2 tentacled monstrosities
  Rupert (D:15)
  2 deep elf master archers (Elf:3)
  2 deep elf blademasters (Elf:3)
  A lich (Crypt:3)
  2 titans
  Gastronok (D:9)
  Agnes (D:15)
  2 sphinxes
  5 ancient champions
  3 thorn hunters
  Donald (Spider:4)
  3 storm dragons
  A tengu reaver (Vaults:3)
  Roxanne (Spider:4)
  The ghost of Teivard the Basher, an adept HuGl of Sif Muna (Elf:2)
  2 revenants
  5 deep elf sorcerers
  An iron dragon (Elf:1)
  3 ghost moths
  13 vault wardens
  4 orc warlords
  4 curse skulls
  5 emperor scorpions
  5 deep elf elementalists (Elf:3)
  9 ghouls
  12 ironheart preservers
  9 stone giants
  2 very ugly things
  6 entropy weavers
  Nessos (Lair:6)
  12 vampire knights
  5 deep elf demonologists
  2 deep elf annihilators (Elf:3)
  A spark wasp (Spider:3)
  2 ettins
  A spark wasp (shapeshifter) (Elf:1)
  The ghost of Joresh2 the Fighter, a journeyman DrAK of Lugonu (Orc:2)
  A crystal guardian (Vaults:3)
  8 deep elf death magi
  12 jiangshi
  6 eidola
  A fire dragon (Vaults:4)
  A yaktaur captain (Vaults:2)
  4 deep elf high priests
  3 great orbs of eyes
  5 rakshasas
  Josephine (Lair:6)
  5 ice dragons
  10 ogre magi
  Fannar (Lair:3)
  Harold (D:9)
  9 ghost crabs
  The ghost of Iplucs the Ripper, a journeyman FeBe of Trog (D:13)
  11 hydras
  2 shambling mangroves
  21 vault guards
  2 spectral frost giants (Vaults:4)
  A spectral stone giant (Vaults:4)
  7 death knights
  8 centaur warriors
  19 two-headed ogres
  4 death yaks (Lair:6)
  A spectral fire giant (Vaults:4)
  A tengu warrior (D:13)
  33 dancing weapons
  7 vampire magi
  The ghost of Uttuuhiph the Spear-Bearer, a novice DgWn (D:10)
  16 alligators
  A deep troll shaman (Vaults:4)
  4 orc high priests
  A small abomination (Elf:3)
  32 deep elf knights
  A storm dragon zombie (Crypt:3)
  Sonja (Orc:1)
  3 soul eaters (Crypt:3)
  A hell knight (Volcano)
  3 shadow wraiths
  29 skeletal warriors
  A titan skeleton (Crypt:3)
  A golden dragon zombie (Crypt:2)
  A glowing orange brain (D:15)
  A storm dragon skeleton (Vaults:1)
  A death drake (shapeshifter) (Vaults:3)
  9 unseen horrors
  2 quicksilver dragon simulacra (Vaults:4)
  2 unseen horrors (shapeshifter)
  2 spectral hydras (Swamp:4)
  10 deep trolls
  17 deep elf archers
  2 flayed ghosts
  3 spriggan druids (Swamp:2)
  11 swamp dragons
  8 ironbrand convokers
  3 wizards
  An anaconda skeleton (Crypt:3)
  A wolf spider zombie (D:15)
  An iron dragon zombie (Crypt:2)
  18 phantasmal warriors
  An obsidian statue (Elf:2)
  43 wolf spiders
  4 necromancers
  29 orb spiders
  21 orc knights
  2 oklob plants
  4 orc sorcerers (Orc:2)
  66 deep elf magi
  A manticore (D:15)
  2 shadow dragon skeletons
  7 cyclopes
  6 moths of wrath
  14 slime creatures
  19 ugly things
  2 moths of wrath (shapeshifter)
  2 iron dragon skeletons
  2 guardian serpents (shapeshifter)
  8 elephants (Lair:6)
  Joseph (D:9)
  A black mamba (shapeshifter) (D:10)
  4 apocalypse crabs (Swamp:2)
  4 centaur zombies
  2 molten gargoyles (Volcano)
  2 black mambas
  An elephant (shapeshifter) (Vaults:2)
  A storm dragon simulacrum (Vaults:4)
  20 spiny frogs
  10 vault sentinels
  A gargoyle (D:9)
  A smoke demon (Volcano)
  4 centaur skeletons
  2 rime drakes
  A spiny frog (shapeshifter) (D:14)
  4 swamp worm zombies (Swamp:4)
  2 torpor snails
  22 yaktaurs
  16 demonic crawlers
  A redback zombie (D:15)
  A rime drake (shapeshifter) (Vaults:3)
  2 efreet (D:15)
  6 komodo dragons
  2 ice devils (D:13)
  10 freezing wraiths
  A polar bear (shapeshifter) (D:15)
  A red devil (Volcano)
  A human skeleton (Vaults:1)
  A black draconian skeleton (Crypt:2)
  A harpy zombie (Crypt:2)
  A meliai (shapeshifter) (Elf:2)
  A green draconian skeleton (Crypt:2)
  6 trolls
  5 polar bears
  29 hornets
  4 tyrant leeches
  2 hydra zombies (Swamp:4)
  39 jumping spiders
  A stone giant simulacrum (Vaults:4)
  4 dream sheep (Lair:6)
  2 frost giant simulacra (Vaults:4)
  A raiju (shapeshifter) (Vaults:2)
  8 blink frogs
  An ice dragon zombie (Crypt:3)
  10 bog bodies
  3 blink frogs (shapeshifter)
  6 alligator zombies
  3 spectral swamp dragons (Swamp:4)
  A hippogriff (shapeshifter) (Vaults:4)
  12 hippogriffs
  3 air elementals
  6 centaur simulacra (D:13)
  8 flying skulls
  An ice dragon skeleton (Crypt:3)
  19 spriggans
  73 yaks
  A wind drake zombie (Crypt:2)
  39 tarantellas
  A tarantella (shapeshifter) (Vaults:2)
  2 water elementals
  3 shadows
  5 fire bats
  59 redbacks
  3 fire elementals
  A basilisk (shapeshifter) (Vaults:1)
  24 vampire mosquitoes
  17 wraiths
  2 wyverns
  5 basilisks
  A steam dragon (D:14)
  14 swamp worms
  7 wargs
  A soldier ant (D:10)
  8 acid dragons
  A gelid demonspawn zombie (Crypt:2)
  An infernal demonspawn zombie (Crypt:1)
  11 insubstantial wisps
  2 hell hounds (Volcano)
  Duvessa (D:4)
  A floating eye (shapeshifter) (D:15)
  8 swamp drakes
  9 porcupines
  An ogre skeleton (Vaults:1)
  9 water moccasins
  An orb spider zombie (Crypt:3)
  7 ice beasts
  5 black bears
  45 orc warriors
  6 phantoms
  2 lindwurm zombies
  4 sky beasts
  5 swamp dragon zombies (Swamp:4)
  36 ogres
  27 wolves
  7 boggarts
  A manticore skeleton (Crypt:2)
  5 necrophages
  12 centaurs
  An elephant skeleton (Crypt:3)
  14 crocodiles
  2 big kobolds
  A hog skeleton (Crypt:1)
  16 bullfrogs
  2 earth elementals (Elf:2)
  An ogre simulacrum (Vaults:1)
  A wyvern zombie (D:10)
  Dowan (D:4)
  A cyclops skeleton (Crypt:1)
  6 scorpions
  A warg zombie (Crypt:2)
  A hornet simulacrum (D:13)
  8 killer bees
  A warg skeleton (Crypt:2)
  14 wights
  A polar bear skeleton (Crypt:2)
  6 howler monkeys
  6 crimson imps
  3 lava snakes (Volcano)
  A bullfrog zombie (D:6)
  2 quasits
  8 jellies
  2 wyvern simulacra
  Crazy Yiuf (D:7)
  49 orc wizards
  36 orc priests
  10 hounds
  3 bullfrog skeletons
  4 iguanas
  Ijyb (D:5)
  A spectral swamp drake (Swamp:4)
  10 worker ants
  A killer bee zombie (D:7)
  A bullfrog simulacrum (D:13)
  A deep dwarf zombie (Crypt:2)
  3 hound zombies
  A tengu skeleton (Crypt:2)
  4 gnolls (D:6)
  3 swamp drake zombies
  6 adders
  A scorpion zombie (Crypt:1)
  A steam dragon skeleton (Crypt:1)
  5 shadow imps
  An adder zombie (D:9)
  A worm zombie (Crypt:3)
  A halfling skeleton (Crypt:3)
  4 worms
  5 leopard geckos
  123 orcs
  A ball python (D:3)
  12 bats
  3 giant cockroaches
  8 goblins
  7 hobgoblins
  15 jackals
  6 quokkas
  6 frilled lizards
  A jackal skeleton (D:9)
  13 kobolds
  A kobold skeleton (Crypt:2)
  A leopard gecko zombie (D:8)
  A quokka skeleton (D:6)
  A quokka zombie (D:5)
  6 rats
  2 rat skeletons (Crypt:1)
  A river rat skeleton (Crypt:3)
  2 briar patches (Swamp:1)
  A bush (D:14)
  15 withered plants (Crypt:3)
2008 creatures vanquished.

Vanquished Creatures (others)
  2 deep elf demonologists (Elf:3)
  2 deep elf knights
  2 spriggan druids (Swamp:2)
  An orb spider (Spider:2)
  A tarantella (Spider:2)
  A swamp worm (Swamp:4)
  2 boggarts (Vaults:3)
  A howler monkey zombie (D:9)
  A kobold (D:11)
  4 fungi
  2 plants
19 creatures vanquished.

Grand Total: 2027 creatures vanquished

Notes
Turn   | Place    | Note
-------+----------+-------------------------------------------
     0 | D:1      | Peloso the Minotaur Fighter began the quest for the Orb.
     0 | D:1      | Reached XP level 1. HP: 19/19 MP: 0/0
   202 | D:1      | Reached XP level 2. HP: 25/27 MP: 1/1
   234 | D:1      | Reached skill level 4 in Shields
   614 | D:1      | Reached XP level 3. HP: 28/33 MP: 2/2
  1322 | D:2      | Reached XP level 4. HP: 14/40 MP: 3/3
  2147 | D:3      | Found a radiant altar of Vehumet.
  2456 | D:3      | Reached XP level 5. HP: 46/46 MP: 4/4
  2499 | D:3      | Found a white marble altar of Elyvilon.
  2552 | D:3      | Found a basalt altar of Yredelemnul.
  2663 | D:4      | Noticed an orc warrior
  2689 | D:3      | Killed an orc warrior
  2689 | D:3      | Reached skill level 1 in Dodging
  2689 | D:3      | Reached skill level 5 in Shields
  2691 | D:3      | Reached XP level 6. HP: 35/53 MP: 5/5
  2696 | D:3      | Reached skill level 5 in Long Blades
  2696 | D:3      | Reached skill level 5 in Armour
  3033 | D:4      | Found a snail-covered altar of Cheibriados.
  3080 | D:4      | HP: 1/53 [orc priest/divine providence (13)]
  3099 | D:4      | HP: 2/53 [orc priest/divine providence (10)]
  3643 | D:4      | Noticed Duvessa
  3665 | D:4      | Killed Duvessa
  3668 | D:4      | Noticed Dowan
  3674 | D:4      | Killed Dowan
  3674 | D:4      | Reached XP level 7. HP: 55/60 MP: 6/6
  3823 | D:5      | Entered Level 5 of the Dungeon
  3972 | D:5      | Found a staircase to the Ecumenical Temple.
  3981 | Temple   | Entered the Ecumenical Temple
  4083 | D:5      | Reached skill level 6 in Shields
  4240 | D:5      | Noticed Ijyb
  4243 | D:5      | Paralysed by Ijyb for 5 turns
  4250 | D:5      | Paralysed by Ijyb for 7 turns
  4261 | D:5      | Killed Ijyb
  4261 | D:5      | Reached skill level 5 in Fighting
  4406 | D:5      | Reached XP level 8. HP: 68/68 MP: 7/7
  4550 | D:5      | Found a stormy altar of Qazlal.
  4690 | D:6      | Reached skill level 7 in Shields
  4982 | D:6      | Reached skill level 8 in Shields
  5464 | D:6      | Found an iron altar of Okawaru.
  5469 | D:6      | Became a worshipper of Warmaster Okawaru
  5899 | D:7      | Reached skill level 9 in Shields
  5899 | D:7      | Reached XP level 9. HP: 29/74 MP: 8/8
  6274 | D:7      | Found a bloodstained altar of Trog.
  6315 | D:7      | Found a runed translucent door.
  6479 | D:7      | Reached skill level 1 in Stealth
  6498 | D:7      | Found a runed translucent door.
  6499 | D:7      | Noticed Crazy Yiuf
  6505 | D:7      | Killed Crazy Yiuf
  6644 | D:7      | Found Giseni's Assorted Antiques.
  6677 | D:7      | Found a blossoming altar of Fedhas.
  6718 | D:7      | Reached * piety under Okawaru
  6796 | D:7      | Reached skill level 10 in Shields
  6988 | D:7      | Noticed a troll
  7053 | D:7      | Found a glowing golden altar of the Shining One.
  7730 | D:8      | Reached ** piety under Okawaru
  7800 | D:8      | Reached skill level 11 in Shields
  7919 | D:8      | Found a shimmering blue altar of Sif Muna.
  8065 | D:8      | Noticed a two-headed ogre
  8070 | D:8      | Killed a two-headed ogre
  8070 | D:8      | Reached *** piety under Okawaru
  8070 | D:8      | Reached skill level 10 in Long Blades
  8070 | D:8      | Reached XP level 10. HP: 67/84 MP: 9/9
  8294 | D:9      | Identified the +4 glaive of Ennon {drain, Dex+4}
  8756 | D:9      | Found an ornate altar of the Wu Jian Council.
  8760 | D:9      | Reached **** piety under Okawaru
  8760 | D:9      | Reached skill level 12 in Shields
  8847 | D:9      | Noticed Joseph
  8857 | D:9      | Killed Joseph
  8900 | D:9      | Found a staircase to the Orcish Mines.
  8952 | D:9      | Found an opulent altar of Gozag.
  8960 | D:9      | Noticed Harold
  8981 | D:9      | Killed Harold
  8981 | D:9      | Reached ***** piety under Okawaru
  9198 | D:9      | Noticed Gastronok
  9213 | D:9      | Killed Gastronok
  9213 | D:9      | Received a gift from Okawaru
  9213 | D:9      | Reached skill level 13 in Shields
  9213 | D:9      | Reached XP level 11. HP: 63/92 MP: 7/10
  9332 | D:9      | Found Ecsecs's Distillery.
  9337 | D:9      | Bought a potion of might for 68 gold pieces
  9337 | D:9      | Bought a potion of degeneration for 17 gold pieces
  9383 | D:9      | Found a shimmering altar of Xom.
  9383 | D:9      | Noticed an oklob plant
  9934 | D:9      | Found a sparkling altar of Nemelex Xobeh.
 10031 | D:10     | Entered Level 10 of the Dungeon
 10298 | D:10     | Found a runed translucent door.
 10301 | D:10     | Noticed Uttuuhiph's ghost (novice DgWn)
 10755 | D:10     | Found a staircase to the Lair.
 10960 | D:10     | Found the +2 Maxwell's thermic engine {flame, freeze}
 11064 | D:11     | Noticed a cyan ugly thing
 11066 | D:11     | Reached ****** piety under Okawaru
 11066 | D:11     | Received a gift from Okawaru
 11075 | D:11     | Killed a cyan ugly thing
 11084 | D:11     | Reached skill level 14 in Shields
 12232 | Lair:1   | Entered Level 1 of the Lair of Beasts
 12315 | Lair:1   | Reached XP level 12. HP: 104/104 MP: 11/11
 12362 | Lair:1   | Noticed a six-headed hydra
 12369 | Lair:1   | Killed a three-headed hydra
 13518 | Lair:2   | Found a hole to the Spider Nest.
 13720 | Lair:2   | Reached skill level 15 in Shields
 13877 | Lair:2   | You fall into a shaft and drop 1 floor!
 13881 | Lair:3   | Reached skill level 10 in Fighting
 13881 | Lair:3   | Reached skill level 10 in Armour
 13887 | Lair:3   | Received a gift from Okawaru
 13931 | Lair:3   | Noticed Fannar
 13951 | Lair:3   | Killed Fannar
 14192 | Lair:3   | Found a staircase to the Swamp.
 14681 | Lair:3   | Reached XP level 13. HP: 108/114 MP: 12/12
 16375 | Lair:4   | Reached skill level 15 in Long Blades
 17274 | Lair:5   | Received a gift from Okawaru
 18369 | D:12     | Found Vawn's Weapon Boutique.
 18377 | D:12     | Reached skill level 16 in Shields
 19808 | D:7      | Found a roughly hewn altar of Beogh.
 20087 | D:10     | Killed Uttuuhiph's ghost
 20317 | D:13     | Found a runed translucent gate.
 20317 | D:13     | Found a runed translucent gate.
 20317 | D:13     | Found a runed translucent gate.
 20343 | D:13     | Noticed Iplucs's ghost (journeyman FeBe)
 21342 | D:13     | Killed Iplucs's ghost
 21348 | D:13     | Got the ring of Obeov {Fire}
 21358 | D:13     | Identified the ring of Obeov {Fire Str+3} (You found it on
                  | level 13 of the Dungeon)
 21917 | D:14     | Found Faetir's Assorted Antiques.
 21937 | D:14     | Received a gift from Okawaru
 22023 | D:14     | Found Kudick's Food Boutique.
 22332 | D:14     | Found a gate to the Vaults.
 22672 | Orc:1    | Entered Level 1 of the Orcish Mines
 22711 | Orc:1    | Noticed Sonja
 22731 | Orc:1    | Killed Sonja
 22910 | Orc:1    | Reached XP level 14. HP: 123/124 MP: 13/13
 23280 | Orc:2    | Entered Level 2 of the Orcish Mines
 23483 | Orc:2    | Received a gift from Okawaru
 23532 | Orc:2    | Reached skill level 5 in Dodging
 23533 | Orc:2    | Got a heavily runed hat {god gift}
 23799 | Orc:2    | Identified the +3 hat of Cuass {*Contam rElec rC- Dex+9}
                  | (Okawaru gifted it to you on level 2 of the Orcish Mines)
 24008 | Orc:2    | Found Junoru's Antique Weapon Emporium.
 24008 | Orc:2    | Found Vefo's Armour Emporium.
 24018 | Orc:2    | Found Nelir's Distillery.
 24018 | Orc:2    | Found Qoff's Antique Armour Shoppe.
 24026 | Orc:2    | Bought a pair of distressingly furry boots for 285 gold
                  | pieces
 24027 | Orc:2    | Bought a potion of flight for 45 gold pieces
 24027 | Orc:2    | Bought a potion of heal wounds for 75 gold pieces
 24027 | Orc:2    | Bought a potion of heal wounds for 75 gold pieces
 24055 | Orc:2    | Identified the +1 pair of boots "Hagenit" {MR- Int+5} (You
                  | bought it in a shop on level 2 of the Orcish Mines)
 24082 | Orc:2    | Bought a pair of glowing boots for 225 gold pieces
 24089 | Orc:2    | Bought a pair of runed boots for 225 gold pieces
 24160 | Orc:2    | Found a staircase to the Elven Halls.
 24255 | Orc:2    | Found a bloodstained altar of Trog.
 24622 | Orc:2    | Found a runed translucent gate.
 24623 | Orc:2    | Found a runed translucent gate.
 24624 | Orc:2    | Found a runed translucent gate.
 24626 | Orc:2    | Noticed Joresh2's ghost (journeyman DrAK)
 24868 | Orc:1    | Found Tif Ont's Assorted Antiques.
 24868 | Orc:1    | Found Gikun's Gadget Shop.
 24898 | Orc:1    | Bought a wand of digging (6) for 260 gold pieces
 24923 | Orc:1    | Found Xuebug's Gadget Emporium.
 24937 | Orc:1    | Bought a wand of digging (7) for 308 gold pieces
 26425 | Lair:6   | Entered Level 6 of the Lair of Beasts
 26436 | Lair:6   | Found a viscous altar of Jiyva.
 26436 | Lair:6   | Found a staircase to the Slime Pits.
 26465 | Lair:6   | Reached skill level 17 in Shields
 26504 | Lair:6   | Reached skill level 1 in Evocations
 26589 | Lair:6   | Found a dark tunnel.
 26651 | Volcano  | Entered a volcano
 27073 | Volcano  | Found a bloodstained altar of Trog.
 27328 | Lair:6   | Noticed Nessos
 27341 | Lair:6   | Killed Nessos
 27478 | Lair:6   | Received a gift from Okawaru
 27489 | Lair:6   | Reached skill level 1 in Invocations
 27611 | Lair:6   | Reached skill level 18 in Shields
 28095 | Lair:6   | Noticed Josephine
 28102 | Lair:6   | Killed Josephine
 28689 | Lair:6   | Reached XP level 15. HP: 132/134 MP: 15/15
 29252 | D:15     | Entered Level 15 of the Dungeon
 29503 | D:15     | Noticed Rupert
 29512 | D:15     | Killed Rupert
 29646 | D:15     | Found a staircase to the Depths.
 29825 | D:15     | Received a gift from Okawaru
 29850 | D:15     | Found a burning altar of Makhleb.
 30524 | D:15     | Noticed Agnes
 30535 | D:15     | Killed Agnes
 30535 | D:15     | Reached skill level 19 in Shields
 30866 | Swamp:1  | Entered Level 1 of the Swamp
 30929 | Swamp:1  | Noticed a thorn hunter
 30939 | Swamp:1  | Killed a thorn hunter
 31279 | Swamp:1  | Noticed a thorn hunter
 31293 | Swamp:1  | Killed a thorn hunter
 31909 | Swamp:2  | Received a gift from Okawaru
 31922 | Swamp:2  | Identified the +6 triple sword of the Briny Deep {protect,
                  | +Rage rN+} (Okawaru gifted it to you on level 2 of the
                  | Swamp)
 32333 | Swamp:2  | Reached XP level 16. HP: 118/145 MP: 16/16
 32608 | Swamp:2  | Found a runed translucent door.
 33390 | D:9      | Bought a potion of curing for 51 gold pieces
 33390 | D:9      | Bought a potion of curing for 51 gold pieces
 33390 | D:9      | Bought a potion of curing for 51 gold pieces
 33702 | Swamp:2  | Reached skill level 20 in Shields
 33709 | Swamp:2  | Received a gift from Okawaru
 34060 | Swamp:2  | Got a heavily runed chain mail
 34071 | Swamp:2  | Identified the +6 chain mail "Pocuga" {MR+} (You found it
                  | on level 2 of the Swamp)
 34352 | Elf:1    | Entered Level 1 of the Elven Halls
 35262 | Elf:1    | Found a roughly hewn altar of Beogh.
 35588 | Elf:1    | Received a gift from Okawaru
 35862 | Elf:1    | Reached skill level 21 in Shields
 36698 | Elf:1    | Reached XP level 17. HP: 138/154 MP: 17/17
 36979 | Elf:1    | You are sucked into a shaft and drop 1 floor!
 36999 | Elf:2    | Reached skill level 15 in Fighting
 37040 | Elf:2    | Found Sarirpho's Weapon Emporium.
 37070 | Elf:2    | Noticed Saint Roka
 37452 | Elf:1    | Found a runed translucent gate.
 37452 | Elf:1    | Found a runed translucent gate.
 37452 | Elf:1    | Found a runed translucent gate.
 37452 | Elf:1    | Found a runed translucent gate.
 37452 | Elf:1    | Found a runed translucent gate.
 37453 | Elf:1    | Found a runed translucent gate.
 37549 | Elf:2    | Found Buirho Gaco's Gadget Boutique.
 37554 | Elf:2    | Found Otuoly's Antique Armour Boutique.
 37577 | Elf:2    | Found a runed translucent gate.
 37577 | Elf:2    | Found an opulent altar of Gozag.
 37577 | Elf:2    | Found a runed translucent gate.
 37577 | Elf:2    | Found a runed translucent gate.
 37578 | Elf:2    | Noticed Teivard's ghost (adept HuGl)
 37579 | Elf:2    | Found Dozuquce's Assorted Antiques.
 37579 | Elf:2    | Found Koiggesm's Assorted Antiques.
 37596 | Elf:2    | Found Vinyn's Jewellery Emporium.
 37599 | Elf:2    | Found Feyskah's Gadget Shop.
 37600 | Elf:2    | Found Zovyfy's Jewellery Emporium.
 37696 | Elf:2    | Killed Saint Roka
 37696 | Elf:2    | Received a gift from Okawaru
 37702 | Elf:2    | Got a steaming plate armour {god gift}
 37913 | Elf:2    | Identified the +7 plate armour "Jaodallo" {Int+4 SInv}
                  | (Okawaru gifted it to you on level 2 of the Elven Halls)
 38076 | Elf:2    | Found a huge runed translucent gate.
 38076 | Elf:2    | Found a huge runed translucent gate.
 38076 | Elf:2    | Found a huge runed translucent gate.
 38076 | Elf:2    | Found a huge runed translucent gate.
 38076 | Elf:2    | Found a huge runed translucent gate.
 38358 | Elf:2    | Found Naxuf's Magic Scroll Shop.
 38370 | Elf:2    | Bought a scroll of blinking for 112 gold pieces
 38370 | Elf:2    | Bought a scroll of brand weapon for 300 gold pieces
 38629 | Elf:2    | Killed Teivard's ghost
 38788 | Elf:2    | Reached skill level 22 in Shields
 38800 | Elf:2    | Bought a scroll of immolation for 94 gold pieces
 38800 | Elf:2    | Bought a scroll of magic mapping for 94 gold pieces
 38800 | Elf:2    | Bought a scroll labeled BERUSMISA ULOKU for 27 gold pieces
 38910 | Elf:3    | Entered Level 3 of the Elven Halls
 38910 | Elf:3    | Found Vyrom's Weapon Boutique.
 40485 | Spider:1 | Entered Level 1 of the Spider Nest
 40594 | Spider:1 | Received a gift from Okawaru
 41283 | Spider:2 | Reached XP level 18. HP: 163/166 MP: 18/18
 41313 | Spider:2 | You are sucked into a shaft and drop 1 floor!
 41623 | Spider:3 | Reached skill level 15 in Armour
 41658 | Spider:3 | Received a gift from Okawaru
 42030 | Spider:3 | Got a fine double sword {god gift}
 42031 | Spider:3 | Identified the +9 double sword of Erghuocyl {drain, rN+}
                  | (Okawaru gifted it to you on level 3 of the Spider Nest)
 42449 | Spider:3 | Reached skill level 23 in Shields
 43180 | Spider:2 | Noticed Arachne
 43646 | Spider:3 | Killed Arachne
 44174 | Spider:2 | Received a gift from Okawaru
 45448 | Spider:4 | Entered Level 4 of the Spider Nest
 45536 | Spider:4 | Noticed Donald
 45548 | Spider:4 | Killed Donald
 45712 | Spider:4 | Noticed Roxanne
 45727 | Spider:4 | Noticed Bai Suzhen
 45732 | Spider:4 | Killed Roxanne
 45776 | Spider:4 | Killed Bai Suzhen
 46159 | Spider:4 | Reached skill level 24 in Shields
 46539 | Spider:4 | Received a gift from Okawaru
 46558 | Spider:4 | Identified the +1 falchion of Zeqivoun {flame, Dex+7}
                  | (Okawaru gifted it to you on level 4 of the Spider Nest)
 46807 | Spider:4 | Reached XP level 19. HP: 161/174 MP: 19/19
 47538 | Spider:4 | Received a gift from Okawaru
 47815 | Spider:4 | Got a gossamer rune of Zot
 48053 | Swamp:4  | Entered Level 4 of the Swamp
 49173 | Swamp:4  | Noticed a bone dragon
 49194 | Swamp:4  | Killed a bone dragon
 49300 | Swamp:4  | Got a decaying rune of Zot
 51114 | Elf:3    | Received a gift from Okawaru
 51160 | Elf:3    | Reached skill level 25 in Shields
 51462 | Elf:3    | Identified the cursed +0 hand axe "Xaghecw" {vorpal,
                  | Fragile +Fly MR+ Dex+3}
 51478 | Elf:3    | Identified the ring "Ole Kole" {MR+++ Int+6 Dex-4 Slay-3}
 51721 | Elf:3    | Reached XP level 20. HP: 183/185 MP: 20/20
 52677 | Elf:2    | Received a gift from Okawaru
 52688 | Elf:2    | Identified the +8 falchion of the Jumping Oracle {freeze,
                  | rElec Str-3 Dex+4 SInv} (Okawaru gifted it to you on level
                  | 2 of the Elven Halls)
 53303 | Vaults:1 | Entered Level 1 of the Vaults
 54401 | Vaults:1 | Reached skill level 26 in Shields
 54546 | Vaults:1 | Received a gift from Okawaru
 54585 | Vaults:1 | Found Jionton's Antique Weapon Shop.
 54867 | Vaults:1 | Found a runed translucent gate.
 54867 | Vaults:1 | Found a runed translucent gate.
 54867 | Vaults:1 | Found a runed translucent gate.
 54867 | Vaults:1 | Noticed Moagi's ghost (adept GnSk)
 54868 | Vaults:1 | Identified the cursed +1 morningstar of Watchfulness
                  | {drain, *Rage +Fly MP+9 Dex+3}
 54868 | Vaults:1 | Identified the cursed +0 chain mail of Impatience {rPois
                  | Str+2}
 55190 | Vaults:1 | Identified the ring of Doen {+Inv MR+ rCorr}
 55193 | Vaults:1 | Identified the cursed +1 ring mail "Kecisi" {+Inv Dex+10
                  | Stlth-}
 55194 | Vaults:1 | Found a roughly hewn altar of Beogh.
 56204 | Vaults:2 | Found a staircase to the Crypt.
 56367 | Vaults:2 | Received a gift from Okawaru
 56374 | Vaults:2 | HP: 7/189 [skeletal warrior/+2 glaive of protection (18)]
 56382 | Vaults:2 | Reached XP level 21. HP: 37/196 MP: 21/21
 56802 | Vaults:2 | Noticed Mennas
 56842 | Vaults:2 | Killed Mennas
 58271 | Vaults:3 | Found a runed translucent gate.
 58271 | Vaults:3 | Found a runed translucent gate.
 58271 | Vaults:3 | Found a runed translucent gate.
 58279 | Vaults:3 | Noticed Faydane's ghost (veteran HuFi)
 58735 | Vaults:3 | Noticed Nikola
 59803 | Vaults:3 | Received a gift from Okawaru
 59928 | Vaults:3 | Reached skill level 27 in Shields
 60139 | Vaults:3 | Identified a scroll of acquirement
 60173 | Vaults:3 | Killed Nikola
 61421 | Vaults:4 | Received a gift from Okawaru
 61469 | Vaults:4 | Found a runed translucent gate.
 61469 | Vaults:4 | Found a runed translucent gate.
 61469 | Vaults:4 | Found a runed translucent gate.
 61670 | Vaults:4 | Reached XP level 22. HP: 206/206 MP: 22/22
 61731 | Vaults:4 | Noticed hyperkahler's ghost (veteran MiFi)
 62365 | Vaults:4 | Got a pair of slimy gloves
 62753 | Vaults:4 | Killed hyperkahler's ghost
 62934 | Vaults:5 | Entered Level 5 of the Vaults
 63086 | Vaults:4 | Identified the +0 pair of gloves of Zin's Benevolence
                  | {rElec rN+ Str+7} (You found it on level 4 of the Vaults)
 63098 | Vaults:4 | HP: 5/208 [vault guard/exploding inner flame[the player
                  | character] (11)]
 64162 | Orc:2    | Acquired 630 gold pieces
 64532 | Orc:2    | Killed Joresh2's ghost
 64903 | Crypt:1  | Entered Level 1 of the Crypt
 65389 | Crypt:1  | Received a gift from Okawaru
 65635 | Crypt:1  | HP: 4/213 [skeletal warrior/+0 long sword[a skeletal
                  | warrior] (18)]
 66449 | Crypt:1  | Found the +12 Vampire's Tooth {vamp}
 68221 | Crypt:2  | Reached XP level 23. HP: 220/222 MP: 24/24
 68309 | Crypt:3  | Entered Level 3 of the Crypt
 68428 | Crypt:3  | Received a gift from Okawaru
 68442 | Crypt:3  | Got a pitted cloak {god gift}
 68466 | Crypt:2  | Identified the +1 cloak "Qyluxaoc" {rF+ rCorr Int+2 Stlth+}
                  | (Okawaru gifted it to you on level 3 of the Crypt)
 68848 | Crypt:3  | Identified the ring of a Billion People {rF++ rC+ rN+}
 68924 | Crypt:3  | Noticed an ancient lich
 68924 | Crypt:3  | Noticed an ancient lich
 69274 | Crypt:3  | Found a staircase to the Tomb.
 69579 | Crypt:3  | Noticed an ancient lich
 69592 | Crypt:3  | Killed an ancient lich
 69607 | Crypt:3  | Killed an ancient lich
 69769 | Crypt:3  | Killed an ancient lich
 69780 | Crypt:3  | Got a heavily runed lapis lazuli ring
 69780 | Crypt:3  | Got a steaming silver ring
 69782 | Crypt:3  | Identified the cursed +3 short sword "Berrav" {freeze,
                  | Int+2} (You found it on level 3 of the Crypt)
 69790 | Crypt:3  | Identified the +0 dagger "Umadette" {pain, rF+} (You found
                  | it on level 3 of the Crypt)
 69797 | Crypt:3  | Identified the ring of Xom's Full Attention {rElec rN+ MR+
                  | Int-3} (You found it on level 3 of the Crypt)
 69798 | Crypt:3  | Identified the ring of Greater Demons {rElec rPois rN+
                  | Str-3 Stlth+} (You found it on level 3 of the Crypt)
 70156 | Vaults:5 | Identified the +3 chain mail of the Dragon {Harm rElec
                  | SInv}
 70183 | Vaults:5 | HP: 4/225 [ironheart preserver/+0 morningstar (16)]
 70191 | Vaults:5 | HP: 4/225 [deep elf high priest/damnation (22)]
 70209 | Vaults:5 | HP: 2/225 [vault warden/+0 long sword (17)]
 70214 | Vaults:5 | Killed from afar by an ice dragon

Illustrated notes

Levels and vault maps discovered:
D:1:      giann_bridges, layout_loops_ring
D:2:      layout_basic
D:3:      layout_loops_cross, kennysheep_ying_yang, old_standard_altar
D:4:      layout_basic, nicolae_overflow_crystal_walls, first_ration,
          uniq_duvessa
D:5:      layout_cave_pools, lemuel_crystal_altar, minmay_temple_entry_ruins,
          uniq_ijyb
D:6:      layout_rooms, kennysheep_mini_moat
D:7:      layout_basic, old_standard_altar, lightli_temple_of_fire,
          fedhas_bush_and_centaur_altar, serial_shops,
          nicolae_shop_behind_doors, lightli_church_of_beogh,
          uniq_crazy_yiuf_cottage
D:8:      layout_cave_pools, led_sif_pool, serial_park, grunt_pizzeria
D:9:      layout_basic, nicolae_gozag_seed_capital, lemuel_crystal_altar,
          lemuel_round_altar, orc_0_dummy, serial_shops, kennysheep_little_box,
          lemuel_oklob_altar, uniq_joseph, uniq_gastronok, uniq_harold
D:10:     layout_loops_ring, lair_entry_dummy, ebering_ghost_reflecting_pool
D:11:     layout_stronghold
D:12:     layout_roguey, serial_shops, nicolae_shop_statue_plus
D:13:     layout_basic, gammafunk_ghost_icy
D:14:     layout_roguey, david_vaults_5, serial_shops,
          nicolae_shop_competitors_out_of_business,
          nicolae_shop_overgrown_old_shop, minmay_hedge_maze
D:15:     gammafunk_enter_depths_forms, layout_loops_corners, basic_altar,
          uniq_rupert, uniq_agnes
Temple:   dpeg_three_leaves_temple
Lair:1:   layout_cave_pods, grunt_megastairs_5
Lair:2:   layout_cave_pods, spider_nest_entry_web_field, serial_bayou_shore_b
Lair:3:   layout_cellular_growth, swamp_mist_pool, serial_bayou_pond_e,
          infiniplex_staircase_pool_2, serial_bayou_shore_b, uniq_fannar
Lair:4:   layout_regular_city, serial_rivers, chequers_serial_rivers_room_b,
          chequers_serial_rivers_small_3, chequers_serial_rivers_small_a,
          chequers_serial_rivers_micro_d, minivault_19,
          kennysheep_basilisk_garden
Lair:5:   layout_cave_pods
Lair:6:   minmay_lair_end_enchanted_forest, layout_concentric_octagons,
          slime_altar_1, nicolae_volcano_entry_batcave, serial_bayou_pond_e,
          grunt_megastairs_2, uniq_josephine, uniq_nessos
Swamp:1:  layout_basic_swamp, serial_swamp_ruin, hangedman_swamp_ruin_hall,
          evilmike_swamp_ruin_rubble_2
Swamp:2:  gammafunk_mikee_crab_dinner, layout_basic_swamp, hangedman_swamp_cone
Swamp:3:  layout_falls_marsh, evilmike_swamp_ruin_house_6, swamp_pool5,
          st_swamp_ruins_2
Swamp:4:  swamp_pestilence, layout_basic_swamp
Spider:1: layout_spider_delve
Spider:2: nicolae_spider_hall_of_the_moth_king, nicolae_arachne_temple
Spider:3: layout_spider_delve
Spider:4: spider_rune_water, uniq_roxanne, uniq_arachne, uniq_bai_suzhen,
          uniq_donald
Orc:1:    layout_diamond_mine, serial_shops, nicolae_shop_waterfront,
          nicolae_shop_overgrown_old_shop, shop, uniq_sonja
Orc:2:    st_orc_mages, layout_caves, basic_altar, ebering_ghost_rock_garden
Elf:1:    minmay_elf_arrival_plus, layout_loops_cross, special_room
          [special_room_orc], orc_legates
Elf:2:    layout_gridlike, ebering_ghost_gozag, serial_shops,
          nicolae_shop_behind_doors, nicolae_shop_window_shopping, shop_statue,
          nicolae_shop_temple_entry_statues_fountains, due_unseen_surprise,
          minmay_shop_grove, uniq_saint_roka
Elf:3:    elf_hall_gauntlet_narrow, layout_rooms, serial_shops, shop
Vaults:1: biasface_vaults_ghost_orc_armoury, hangedman_vaults_nails,
          nicolae_vaults_angled_halls, hangedman_vaults_maws, v_pattern_3,
          vaults_dpeg_ring, nicolae_vaults_rhombus_5, grunt_vaults_funnel,
          layout_vaults_quadrants, serial_shops, shop
Vaults:2: v_misc_32, nicolae_vaults_hallways_thing, vaults_dpeg_doors,
          vaults_dpeg_hooks, nicolae_vaults_what_the_h,
          nicolae_vaults_network_s, st_star, dpeg_vaults_monster_box,
          serial_ice_g, hangedman_vaults_stretched_pinwheel,
          ontoclasm_vaults_shuriken, minmay_crypt_entry_simple_round,
          nicolae_vaults_diagonal_hallway_7, vaults_standard_mumra_x,
          nicolae_vaults_little_squares_1, vaults_room_corners,
          layout_vaults_maze_snakey, uniq_mennas
Vaults:3: gammafunk_vaults_ghost_spectres, vaults_mumra_minichess_inversion,
          vaults_room_corners, hangedman_vaults_corner, ontoclasm_vaults_twist,
          ontoclasm_vaults_bender, nicolae_vaults_little_squares_2,
          grunt_vaults_hallway_short, vaults_room_large_hall, v_alt_pattern_4,
          vaults_room_pool, nicolae_vaults_little_squares_2,
          nicolae_vaults_little_squares_2, nicolae_vaults_little_squares_3,
          grunt_vaults_hallway_short, layout_vaults_omnibox, uniq_nikola
Vaults:4: gammafunk_vaults_ghost_necromancy, ontoclasm_vaults_chip,
          hangedman_vaults_maws, nicolae_vaults_triangles, v_misc_25,
          nicolae_vaults_border_crossing, v_misc_33, hangedman_vaults_cutoff,
          vaults_room_stairs_pillars, ontoclasm_vaults_ring_small,
          st_spiral_rooms, layout_vaults_ring
Vaults:5: serial_shops
Crypt:1:  layout_basic, st_stairs_7, minmay_guarded_unrand_vampires_tooth,
          grunt_crypt_arrival_split
Crypt:2:  layout_regular_city
Crypt:3:  david_glass_crypt, layout_basic, tomb_entry_forgotten_bobbens

Skill      XL: |  1  2  3  4  5  6  7  8  9 10 11 12 13 14 15 16 17 18 19 20 21 22 23 |
---------------+----------------------------------------------------------------------+-----
Shields        | 4 5 6 9 11 13 14 15 16 18 19 21 22 24 25 26 27 | 27.0
Armour         | 4 5 6 7 8 9 10 11 12 13 14 15 16 17 18 19 | 19.1
Fighting       | 4 5 6 7 9 10 11 12 13 14 15 16 17 18 20 21 22 | 22.7
Long Blades    | 3 4 6 7 8 10 11 13 14 16 17 18 19 20 22 23 | 23.8
Dodging        | 1 2 3 4 5 6 7 8 |  8.7
Stealth        | 1 2 |  2.9
Evocations     | 1 |  1.8
Invocations    | 1 2 3 |  3.3
Unarmed Combat | |  0.4

Action                   |  1- 3 |  4- 6 |  7- 9 | 10-12 | 13-15 | 16-18 | 19-21 | 22-24 || total
-------------------------+-------+-------+-------+-------+-------+-------+-------+-------++-------
Melee: Long sword        |   116 |   135 |   203 |       |       |       |       |       ||   454
       Headbutt          |    19 |    27 |    69 |   117 |   291 |   339 |   437 |   361 ||  1660
       Falchion          |       |       |   210 |   297 |       |       |       |       ||   507
       Unarmed           |       |       |     3 |       |       |       |       |       ||     3
       Double sword      |       |       |       |   318 |  1213 |  1364 |  1565 |  1006 ||  5466
Invok: Heroism           |       |       |       |     2 |     6 |     6 |     1 |     8 ||    23
       Finesse           |       |       |       |       |       |     1 |       |     2 ||     3
Evoke: Wand              |       |       |       |       |     8 |     1 |       |     2 ||    11
  Use: Potion            |     2 |     6 |       |     2 |     5 |     5 |     4 |    12 ||    36
       Scroll            |       |     2 |     4 |     7 |    11 |    11 |     7 |    14 ||    56
 Stab: Paralysed         |       |       |       |       |     1 |       |       |       ||     1
       Confused          |       |       |       |       |     1 |       |       |       ||     1
  Eat: Chunk             |     1 |     8 |    15 |    21 |    42 |    33 |    35 |     4 ||   159
       Ration            |       |       |       |       |     4 |     4 |     4 |     7 ||    19
Armor: Scale mail        |    65 |    18 |       |       |       |       |       |       ||    83
       Chain mail        |       |    29 |   117 |   135 |   152 |    94 |       |       ||   527
       Skin              |       |       |     1 |       |       |       |       |       ||     1
       Plate armour      |       |       |       |       |   145 |   551 |   635 |   488 ||  1819
Dodge: Dodged            |    37 |    21 |    67 |    98 |   221 |   344 |   456 |   299 ||  1543
Block: Kite shield       |    73 |    94 |   386 |   519 |   590 |   195 |  1917 |  1213 ||  4987
       Reflection        |       |     2 |    15 |    12 |    39 |    73 |   130 |     9 ||   280
       Other             |       |       |     2 |       |       |       |       |       ||     2
       Tower shield      |       |       |       |       |   639 |  1897 |       |       ||  2536
       Rpst.: Long sword |     9 |     5 |     9 |       |       |       |       |       ||    23
       Falchion          |       |       |     4 |    10 |       |       |       |       ||    14
       Double sword      |       |       |       |    13 |    53 |    53 |    80 |    48 ||   247
